 Dungeon Crawl Stone Soup version 0.21-a0-531-gacddea6 (webtiles) character file.

41 tidbits the Insei (level 3, -2/28 HPs)
             Began as a Gnoll Transmuter on Dec 13, 2017.
             Slain by an orc
             ... wielding a +0 hand axe
              (8 damage)
             ... on level 3 of the Dungeon.
             The game lasted 00:03:38 (316 turns).

tidbits the Insei (Gnoll Transmuter)                 Turns: 316, Time: 00:03:39

Health: -2/28      AC:  2    Str: 12    XL:     3   Next: 52%
Magic:  1/9        EV: 20    Int: 16    God:
Gold:   49         SH:  0    Dex: 20    Spells: 6/12 levels left

rFire    . . .     SeeInvis .     - Unarmed
rCold    . . .     Gourm    .   (shield currently unavailable)
rNeg     . . .     Faith    .   (armour currently unavailable)
rPois    x         Spirit   .   (helmet currently unavailable)
rElec    .         Reflect  .   (cloak currently unavailable)
rCorr    .         Harm     .   (gloves currently unavailable)
MR       .....                  (boots currently unavailable)
Stlth    ++........             (no amulet)
HPRegen  0.09/turn              (no ring)
MPRegen  0.11/turn              (no ring)

@: spider-form, very slightly contaminated, constricted
A: tiny, distributed training, strong nose
a: End Transformation


You were on level 3 of the Dungeon.
You were not hungry.
You were a venomous arachnid creature.
You visited 1 branch of the dungeon, and saw 3 of its levels.

You collected 49 gold pieces.

Inventory:

Missiles
 a - 40 arrows
Armour
 b - a +0 robe (melded)
Scrolls
 e - 2 scrolls of remove curse {unknown}
 f - a scroll of identify {unknown}
 h - a scroll of noise {unknown}
Potions
 i - a potion of brilliance {unknown}
 j - a potion of cancellation {unknown}
Books
 c - a book of Changes

   Spells                             Type                      Level
   a - Beastly Appendage              Transmutation                1
   b - Sticks to Snakes               Transmutation                2
   c - Spider Form                    Transmutation/Poison         3
   d - Ice Form                       Ice/Transmutation            4
   e - Blade Hands                    Transmutation                5
Comestibles
 d - 2 bread rations
 g - 2 fruits


   Skills:
 + Level 2.6 Fighting
 + Level 0.8 Short Blades
 + Level 0.8 Long Blades
 + Level 0.8 Axes
 + Level 0.8 Maces & Flails
 + Level 0.8 Polearms
 + Level 0.8 Staves
 + Level 0.8 Slings
 + Level 0.8 Bows
 + Level 0.8 Crossbows
 + Level 0.8 Throwing
 + Level 0.8 Armour
 + Level 4.5 Dodging
 + Level 0.8 Stealth
 + Level 0.8 Shields
 + Level 6.5 Unarmed Combat
 + Level 5.0 Spellcasting
 + Level 0.5 Conjurations
 + Level 0.5 Hexes
 + Level 0.5 Charms
 + Level 0.5 Summonings
 + Level 0.5 Necromancy
 + Level 0.5 Translocations
 + Level 3.7 Transmutations
 + Level 0.5 Fire Magic
 + Level 0.5 Ice Magic
 + Level 0.5 Air Magic
 + Level 0.5 Earth Magic
 + Level 0.5 Poison Magic
 + Level 1.0 Invocations
 + Level 0.8 Evocations


You had 6 spell levels left.
You knew the following spells:

 Your Spells              Type           Power        Failure   Level  Hunger
e - Beastly Appendage     Tmut           ###...       11%         1    None
k - Sticks to Snakes      Tmut           ###.....     14%         2    #......
p - Spider Form           Tmut/Pois      ##........   38%         3    ###....


Dungeon Overview and Level Annotations

Branches:
Dungeon (3/15)

Altars:
Dithmenos
Sif Muna
Uskayaw


Innate Abilities, Weirdness & Mutations

Your experience applies equally to all skills.
((You have very sharp teeth.))
Your uncanny sense of smell can sniff out nearby items.


Message History

You hit the adder. You claw the adder. You bite the adder, but do no damage.
The adder is heavily wounded.
You feel sick. The adder closely misses you.
Your ball python bites the adder.
Your ball python constricts the adder.
Your ball python bites the adder.
The adder bites your ball python.
Your ball python dies!
You punch the adder!
You kill the adder!
You barely miss the rat.
You feel sick.
Your ball python barely misses the goblin. x2
You hit the rat. You bite the rat, but do no damage.
The rat is severely wounded.
The rat misses you. The goblin barely misses you.
You punch the goblin!
You kill the goblin!
Your ball python bites the rat.
The rat dies!
Memorise Spider Form, consuming 3 spell levels and leaving 6?
You start memorising the spell.
You continue memorising.
Your transformation is almost over.
You feel sick.
You continue memorising. x2
You finish memorising.
Spell assigned to 'p'.
You feel sick.
Found 13 gold pieces and a cyan potion.
A frilled lizard comes into view.
You hear the slow rusting of a distant drain.
The frilled lizard hisses angrily.
Casting: Beastly Appendage
Confirm with . or Enter, or press ? or * to list all spells.
You miscast Spider Form.
You are very lightly contaminated with residual magic.
You feel a strange surge of energy!
Casting: Spider Form
Confirm with . or Enter, or press ? or * to list all spells.
You don't have enough magic to cast that spell.
You feel sick.
Found a spear.
You punch the frilled lizard!
You kill the frilled lizard!
Your talons disappear.
You see here a frilled lizard corpse.
You feel sick.
You are no longer poisoned. 2 orcs come into view.
You see here a cyan potion.
j - a cyan potion
Casting: Spider Form
Confirm with . or Enter, or press ? or * to list all spells.
You turn into a venomous arachnid creature.
Your +0 robe melds into your body.
The orc throws an exploding tomahawk.
The exploding tomahawk misses you.
The exploding tomahawk hits your ball python.
Your ball python dies!
The exploding tomahawk explodes!
The explosion of tomahawk fragments engulfs you!
The orc shouts!
You hear a shout! x3
A bat and a ball python come into view.
The ball python hisses angrily.
The orc throws an exploding tomahawk.
The exploding tomahawk closely misses you.
The exploding tomahawk explodes!
The bat closely misses you.
The orc throws an exploding tomahawk.
The exploding tomahawk completely misses you.
The exploding tomahawk explodes!
The explosion of tomahawk fragments engulfs you!
* * * LOW HITPOINT WARNING * * *
The explosion of tomahawk fragments engulfs the bat.
The bat dies!
An orc comes into view.
The orc shouts!
The orc throws an exploding tomahawk.
The exploding tomahawk completely misses you.
The exploding tomahawk explodes!
You see here a bat corpse.
You hit the orc.
The orc is lightly wounded.
The ball python barely misses you. The ball python grabs you.
The ball python constricts you.
You completely miss the orc.
The ball python bites you but does no damage.
The ball python constricts you.
You bite the orc!
You kill the orc!
The ball python bites you but does no damage.
The ball python constricts you.
Casting: Spider Form
Confirm with . or Enter, or press ? or * to list all spells.
You don't have enough magic to cast that spell.
You hit the orc.
The orc is poisoned.
The orc is lightly wounded.
The orc closely misses you. The orc misses you. The ball python bites you.
* * * LOW HITPOINT WARNING * * *
x2 The ball python constricts you.
You bite the orc!
You kill the orc!
Your Invocations skill increases to level 1!
The ball python completely misses you. The ball python constricts you.
The orc hits you with a hand axe!
You die...

).#..$...........##......
.........................
#...###†.......%.........
.........................
.........................
.........................
..........#####.#
..........# ........s†#
.......S)o# ............
.......#......
......#.......#
......####...## ...##
...# #.. ....


You could see an orc and a ball python.

Vanquished Creatures
  2 adders (D:3)
  A leopard gecko (D:1)
  2 orcs (D:3)
  A giant cockroach (D:1)
  3 goblins
  2 hobgoblins
  3 kobolds
  A bat (D:3)
  3 frilled lizards
  3 rats
21 creatures vanquished.

Vanquished Creatures (collateral kills)
  A bat (D:3)
  A rat (D:3)
2 creatures vanquished.

Vanquished Creatures (others)
  A bat (D:3)
1 creature vanquished.

Grand Total: 24 creatures vanquished

Notes
Turn   | Place    | Note
-------+----------+-------------------------------------------
     0 | D:1      | tidbits the Gnoll Transmuter began the quest for the Orb.
     0 | D:1      | Reached XP level 1. HP: 17/17 MP: 6/6
    65 | D:1      | Reached XP level 2. HP: 16/23 MP: 5/7
    69 | D:1      | Learned a level 2 spell: Sticks to Snakes
   153 | D:3      | Noticed a dagger
   153 | D:3      | Noticed a hand axe
   154 | D:3      | Found a hide-covered altar of Uskayaw.
   223 | D:3      | Reached XP level 3. HP: 23/28 MP: 7/9
   239 | D:2      | Found a shadowy altar of Dithmenos.
   242 | D:2      | Found a deep blue altar of Sif Muna.
   258 | D:3      | Reached skill level 5 in Spellcasting
   296 | D:3      | Learned a level 3 spell: Spider Form
   316 | D:3      | Reached skill level 1 in Invocations
   316 | D:3      | Slain by an orc

Vault maps used:
D:1:      nicolae_arrival_washed_ashore
D:2:      chequers_temple_overflow_statue_of_worship,
          nicolae_overflow_hidden_temple, serial_bayou_crossing
D:3:      okawaru_ov_weapons_minmay, dancing_weapons_uskayaw,
          cheibrodos_sewer_entry_drain

Skill      XL: |  1  2  3 |
---------------+----------+-----
Spellcasting   | 5 |  5.0
Invocations    | 1 |  1.0
Fighting       | |  2.6
Short Blades   | |  0.8
Long Blades    | |  0.8
Axes           | |  0.8
Maces & Flails | |  0.8
Polearms       | |  0.8
Staves         | |  0.8
Slings         | |  0.8
Bows           | |  0.8
Crossbows      | |  0.8
Throwing       | |  0.8
Armour         | |  0.8
Dodging        | |  4.5
Stealth        | |  0.8
Shields        | |  0.8
Unarmed Combat | |  6.5
Conjurations   | |  0.5
Hexes          | |  0.5
Charms         | |  0.5
Summonings     | |  0.5
Necromancy     | |  0.5
Translocations | |  0.5
Transmutations | |  3.7
Fire Magic     | |  0.5
Ice Magic      | |  0.5
Air Magic      | |  0.5
Earth Magic    | |  0.5
Poison Magic   | |  0.5
Evocations     | |  0.8

Action                   || total
-------------------------++-------
Melee: Unarmed           ||    47
       Headbutt          ||     4
       Bite              ||     4
       Kick              ||     1
 Cast: Beastly Appendage ||     9
       Sticks to Snakes  ||     4
       Spider Form       ||     1
 Stab: Sleeping          ||     2
Armor: Robe              ||     4
       Skin              ||     2
Dodge: Dodged            ||    30

Table legend:
 A = Spawn XP
 B = Non-spawn XP
 C = Spawn XP percentage of total XP
 D = Spawn monster count
 E = Non-spawn monster count
 F = Spawn count percentage of total count
 G = Total turns spent on level
                    A         B        C        D         E        F      G
               +---------+---------+-------+---------+---------+-------+---------
         Total |       0 |      59 |   0.0 |       0 |      23 |   0.0 |   316
               +---------+---------+-------+---------+---------+-------+---------
           D:1 |       0 |      15 |   0.0 |       0 |       9 |   0.0 |   115
           D:2 |       0 |       3 |   0.0 |       0 |       2 |   0.0 |    45
           D:3 |       0 |      41 |   0.0 |       0 |      12 |   0.0 |   156
               +---------+---------+-------+---------+---------+-------+---------

Table legend:
 A = Turns spent in this place as a percentage of turns spent in the entire game.
 B = Non-inter-level travel turns spent in this place as a percentage of non-inter-level travel turns spent in the entire game.
 C = Inter-level travel turns spent in this place as a percentage of turns spent in this place.
 D = Turns resting spent in this place as a percentage of non-inter-level travel turns spent in this place.
 E = Turns spent auto-exploring this place as a percentage of non-inter-level travel turns spent in this place.
 F = Non-inter-level travel turns spent in this place divided by the number of levels of this place that you've seen.
                   A       B       C       D       E      F
               +-------+-------+-------+-------+-------+----------------------
         Total | 100.0 | 100.0 |   0.0 |   0.0 |   0.0 | 105.3
       Dungeon | 100.0 | 100.0 |   0.0 |   0.0 |   0.0 | 105.3
               +-------+-------+-------+-------+-------+----------------------

Table legend:
 A = Kills in this place as a percentage of kills in entire the game.
 B = Kills by you in this place as a percentage of kills by you in the entire game.
 C = Kills by friends in this place as a percentage of kills by friends in the entire game.
 D = Other kills in this place as a percentage of other kills in the entire game.
 E = Experience gained in this place as a percentage of experience gained in the entire game.
 F = Experience gained in this place divided by the number of levels of this place that you have seen.
                   A       B       C       D       E      F
               +-------+-------+-------+-------+-------+----------------------
         Total | 100.0 | 100.0 | 100.0 |   N/A | 100.0 |  19.7
       Dungeon | 100.0 | 100.0 | 100.0 |   N/A | 100.0 |  19.7
               +-------+-------+-------+-------+-------+----------------------

Vault maps used:
D:1:      nicolae_arrival_washed_ashore
D:2:      chequers_temple_overflow_statue_of_worship,
          nicolae_overflow_hidden_temple, serial_bayou_crossing
D:3:      okawaru_ov_weapons_minmay, dancing_weapons_uskayaw,
          cheibrodos_sewer_entry_drain
